 Dungeon Crawl Stone Soup version 0.23-a0-32-g1388f29 (webtiles) character file.

559 Amnesiac the Magician (level 7, -3/46 HPs)
             Began as a Mummy Earth Elementalist on Aug 4, 2018.
             Slain by a centaur (7 damage)
             ... on level 5 of the Dungeon.
             The game lasted 00:07:20 (2955 turns).

Amnesiac the Magician (Mummy Earth Elementalist)    Turns: 2955, Time: 00:07:20

Health: -3/46      AC:  4    Str: 11    XL:     7   Next: 9%
Magic:  11/14      EV: 12    Int: 16    God:
Gold:   109        SH:  4    Dex: 13    Spells: 0/16 levels left

rFire    x . .     SeeInvis .   a - +2 short sword (venom)
rCold    + . .     Gourm    .   d - +0 buckler
rNeg     + + +     Faith    .   c - +0 robe
rPois    ∞         Spirit   .   l - +0 helmet
rElec    .         Reflect  .   h - +0 cloak
rCorr    .         Harm     .   (no gloves)
MR       .....                  (no boots)
Stlth    ++........             (no amulet)
HPRegen  0.15/turn              (no ring)
MPRegen  0.14/turn              (no ring)

@: very slightly contaminated
A: no food or potions, fire vulnerability, cold resistance 1, negative energy
resistance 3, torment resistance, unbreathing
a: no special abilities


You were on level 5 of the Dungeon.
You were not hungry.

You visited 2 branches of the dungeon, and saw 6 of its levels.

You collected 109 gold pieces.

Inventory:

Hand Weapons
 a - a +2 short sword of venom (weapon)
 i - a +2 dagger of pain
 m - a +0 blowgun
Missiles
 b - 150 stones (quivered)
 j - 10 poisoned needles
Armour
 c - a +0 robe (worn)
 d - a +0 buckler (worn)
 h - a +0 cloak (worn)
 l - a +0 helmet (worn)
Jewellery
 n - an uncursed ring of stealth {unknown}
Scrolls
 e - 3 scrolls of remove curse {!r, unknown}
 f - a scroll of blinking {!r, unknown}
 g - 4 scrolls of identify {!r, unknown}
 k - a scroll of magic mapping {!r, unknown}
 o - a scroll of fear {!r, unknown}
 p - a scroll of fog {!r, unknown}


   Skills:
 - Level 1.5 Dodging
 - Level 1.5 Stealth
 + Level 2.8 Shields
 + Level 5.1 Spellcasting
 - Level 0.7 Transmutations
 * Level 5.1 Earth Magic


You couldn't memorise any spells.
You knew the following spells:

 Your Spells              Type           Power        Failure   Level  Hunger
a - Sandblast             Erth           ###...       1%          1    N/A
b - Passwall              Tmut/Erth      ##......     8%          2    N/A
c - Stone Arrow           Conj/Erth      ##....       19%         3    N/A
d - Lee's Rapid Deconstr  Erth           ###.......   50%         5    N/A
e - Petrify               Tmut/Erth      ##......     45%         4    N/A
f - Apportation           Tloc           #.....       17%         1    N/A

Your spell library contained the following spells:

 Spells                   Type           Power        Failure   Level  Hunger


Dungeon Overview and Level Annotations

Branches:
Dungeon (5/15)             Temple (1/1) D:5

Altars:
Cheibriados
Dithmenos
Fedhas
Hepliaklqana
Kikubaaqudgha
Nemelex Xobeh
Wu Jian
Xom
Yredelemnul
The Shining One

Shops:
D:4 [


Innate Abilities, Weirdness & Mutations

You do not eat or drink.
Your flesh is vulnerable to fire.
You are immune to poison.
Your flesh is cold resistant. (rC+)
You are immune to negative energy. (rN+++)
You are immune to unholy pain and torment.
You can survive without breathing.


Message History

There is a staircase to the Ecumenical Temple here.
You climb downwards.
Welcome to the Ecumenical Temple!
There is a staircase back to the Dungeon here.
As you open the gate, it creaks loudly!
Found two altars.
Found a basalt altar of Yredelemnul and an ancient bone altar of Kikubaaqudgha.
There is an open gate here.
Found a hazy altar of Hepliaklqana.
Found a shimmering altar of Xom and a sparkling altar of Nemelex Xobeh.
There is a snail-covered altar of Cheibriados here.
Found a shadowy altar of Dithmenos and a blossoming altar of Fedhas.
There is a snail-covered altar of Cheibriados here.
There is an open gate here.
There is a staircase back to the Dungeon here.
You climb upwards.
Welcome back to the Dungeon!
There is a staircase to the Ecumenical Temple here.
A dart slug comes into view.
A dart slug is nearby!
A centaur and a phantom come into view.
The centaur shouts!
The centaur wields a shortbow.
The centaur shoots an arrow.
The arrow hits you.
You see here an arrow.
A hound skeleton comes into view.
The centaur shoots an arrow.
The arrow hits you! The dart slug launches a dart at you.
The slug dart hits you!
You see here an arrow.
The centaur unwields an uncursed shortbow.
The centaur hits you.
* * * LOW HITPOINT WARNING * * *
You block the centaur's attack.
Casting: Sandblast (safe; 1% risk of failure)
Confirm with . or Enter, or press ? or * to list all spells.
Aiming: Sandblast (safe; 1% risk of failure)
Press: ? - help, Shift-Dir - straight line, f - centaur
Aim: a centaur The blast of sand hits the centaur.
The centaur is moderately wounded.
b - 151 stones The centaur hits you!
* * * LOW HITPOINT WARNING * * *
Casting: Sandblast (safe; 1% risk of failure)
Confirm with . or Enter, or press ? or * to list all spells.
Aiming: Sandblast (safe; 1% risk of failure)
Press: ? - help, Shift-Dir - straight line, f/p - centaur
Aim: a centaur (moderately wounded)
You miscast Sandblast.
You are very lightly contaminated with residual magic.
Sand pours from your hands. The centaur barely misses you.
The phantom hits you!
* * * LOW HITPOINT WARNING * * *
The centaur hits you.
* * * LOW HITPOINT WARNING * * *
Unknown command.
Casting: Sandblast (safe; 1% risk of failure)
Confirm with . or Enter, or press ? or * to list all spells.
Aiming: Sandblast (safe; 1% risk of failure)
Press: ? - help, Shift-Dir - straight line, f/p - centaur
Aim: a centaur (moderately wounded)
The blast of sand hits the centaur.
The centaur is moderately wounded.
b - 150 stones The centaur hits you!
You die...

########.# #......#.#
###......#. ...........
......... ###......### ..
.......w...###### #####..
......Z.((......#
......##.......W@#...#...#
####........##.c.#.⌠.# .#
...#........#..###...###.#
............#......%.....#
...##...........⌠..>..⌠..#
......## ...............#
....#.####.....###...###.#
.............#...#.⌠.# ..#
.............#...#...#...#


You could see a phantom, a centaur, a dart slug and a hound skeleton.

Vanquished Creatures
  An ogre (D:5)
  A phantom (D:4)
  A centaur (D:5)
  A howler monkey (D:4)
  A bullfrog zombie (D:5)
  An orc wizard (D:4)
  Jessica (D:3)
  A worker ant (D:4)
  A hound zombie (D:5)
  A hound skeleton (D:4)
  2 gnolls (D:4)
  5 adders
  A dart slug (D:4)
  8 orcs
  4 giant cockroaches
  12 goblins
  11 hobgoblins
  3 quokkas
  4 frilled lizards
  9 kobolds
  3 rats
72 creatures vanquished.

Notes
Turn   | Place    | Note
-------+----------+-------------------------------------------
     0 | D:1      | Amnesiac the Mummy Earth Elementalist began the quest for the Orb.
     0 | D:1      | Reached XP level 1. HP: 13/13 MP: 4/4
   692 | D:1      | Reached XP level 2. HP: 6/19 MP: 3/5
   706 | D:1      | Learned a level 2 spell: Passwall
  1088 | D:3      | Noticed Jessica
  1239 | D:3      | Reached XP level 3. HP: 13/24 MP: 3/7
  1247 | D:3      | Killed Jessica
  1247 | D:3      | Reached skill level 1 in Shields
  1314 | D:3      | Identified Jessica's Compendium of Dislocation
  1345 | D:3      | Learned a level 3 spell: Stone Arrow
  1394 | D:4      | Reached XP level 4. HP: 18/30 MP: 6/9
  1862 | D:4      | Found Ahoot's Antique Armour Boutique.
  1885 | D:4      | Found a glowing golden altar of the Shining One.
  1930 | D:4      | Reached XP level 5. HP: 27/35 MP: 10/10
  1936 | D:4      | Learned a level 4 spell: Petrify
  2456 | D:4      | Noticed a phantom
  2476 | D:4      | Killed a phantom
  2476 | D:4      | Reached XP level 6. HP: 32/41 MP: 4/12
  2646 | D:5      | Entered Level 5 of the Dungeon
  2688 | D:5      | Reached skill level 5 in Earth Magic
  2846 | D:5      | Reached skill level 5 in Spellcasting
  2846 | D:5      | Reached XP level 7. HP: 37/46 MP: 10/14
  2854 | D:5      | Learned a level 5 spell: Lee's Rapid Deconstruction
  2856 | D:5      | Learned a level 1 spell: Apportation
  2866 | D:5      | Found a staircase to the Ecumenical Temple.
  2873 | Temple   | Entered the Ecumenical Temple
  2955 | D:5      | Slain by a centaur

Vault maps used:
D:1:      dpeg_arrival_round_b
D:2:      nicolae_ru_great_annihilating_truth
D:3:      grunt_temple_overflow_lords_of_destruction, serial_glass,
          glass_columns_a, glass_columns_b, first_ration,
          kennysheep_jessica_study
D:4:      corexii_shantytown, kennysheep_mini, serial_shops,
          nicolae_shop_overgrown_old_shop, supply_closet_lemuel,
          nrook_mini_backslash
D:5:      minmay_temple_entry_junction_2, grunt_ministairs_4,
          kennysheep_generic_room_5
Temple:   jpeg_temple_island

Skill      XL: |  1  2  3  4  5  6 |
---------------+-------------------+-----
Earth Magic    | 3 4 5 |  5.1
Spellcasting   | 3 4 5 |  5.1
Shields        | 1 2 |  2.8
Dodging        | |  1.5
Stealth        | |  1.5
Transmutations | |  0.7

Action                   |  1- 3 |  4- 6 |  7- 9 || total
-------------------------+-------+-------+-------++-------
Melee: Club              |    41 |       |       ||    41
       Flail             |    16 |     9 |       ||    25
       Short sword       |       |   101 |       ||   101
 Cast: Sandblast         |    17 |    28 |     2 ||    47
       Passwall          |       |     2 |       ||     2
       Stone Arrow       |       |     1 |       ||     1
 Stab: Sleeping          |     1 |     9 |       ||    10
Armor: Robe              |    10 |    18 |       ||    28
Dodge: Dodged            |    37 |    47 |     1 ||    85
Block: Buckler           |     3 |    18 |     1 ||    22

Table legend:
 A = Spawn XP
 B = Non-spawn XP
 C = Spawn XP percentage of total XP
 D = Spawn monster count
 E = Non-spawn monster count
 F = Spawn count percentage of total count
 G = Total turns spent on level
                    A         B        C        D         E        F      G
               +---------+---------+-------+---------+---------+-------+---------
         Total |       0 |     799 |   0.0 |       0 |      72 |   0.0 |  2955
               +---------+---------+-------+---------+---------+-------+---------
           D:1 |       0 |      12 |   0.0 |       0 |       8 |   0.0 |   865
           D:2 |       0 |      13 |   0.0 |       0 |       1 |   0.0 |    46
           D:3 |       0 |      68 |   0.0 |       0 |      11 |   0.0 |   627
           D:4 |       0 |     405 |   0.0 |       0 |      47 |   0.0 |  1108
           D:5 |       0 |     301 |   0.0 |       0 |       5 |   0.0 |   237
               +---------+---------+-------+---------+---------+-------+---------
